 Dungeon Crawl Stone Soup version 0.31-a0-868-g674d60d6f7 (webtiles) character file.

Game seed: 1456113758033962712

4470 cowhearter the Covert (level 10, -2/60 HPs)
             Began as a Kobold Monk on Oct 12, 2023.
             Was a Priest of Dithmenos.
             Slain by Amaemon
             ... wielding a +1 demon whip of venom
              (11 damage)
             ... on level 9 of the Dungeon.
             The game lasted 00:23:19 (9401 turns).

cowhearter the Covert (Kobold Monk)                 Turns: 9401, Time: 00:23:19

Health: -2/60      AC:  2    Str: 14    XL:     10   Next: 64%
Magic:  1/1        EV: 20    Int: 13    God:    Dithmenos [***...]
Gold:   515        SH:  0    Dex: 25    Spells: 6/9 levels left

rFire   . . .        l - +7 short sword of the Foot {vamp, rElec MP-9 Dex+4 SInv}
rCold   . . .        d - orb {light}
rNeg    . . .        b - +0 robe
rPois   .            (helmet currently unavailable)
rElec   +            (cloak currently unavailable)
rCorr   .            (gloves currently unavailable)
SInv    +            f - melded +0 pair of boots
Will    .....        (no amulet)
Stlth   +++++++      t - +6 ring of strength
HPRegen 0.30/turn    (no ring)
MPRegen 0.07/turn

%: no passive effects
@: lethally poisoned (-2 -> -29), beast-form, studying Armour
A: beast (slay +2), small, no large weapons, nightstalker 3
a: Begin Untransformation, Renounce Religion, Shadow Step


You were on level 9 of the Dungeon.
You worshipped Dithmenos.
Dithmenos was most pleased with you.
You were a hulking beast.
You visited 2 branches of the dungeon, and saw 10 of its levels.
You also visited: Ossuary.

You collected 515 gold pieces.

Inventory:

Hand Weapons
 a - a +0 short sword
 l - the +7 short sword of the Foot (weapon) {vamp, rElec MP-9 Dex+4 SInv}
   (You found it on level 2 of the Dungeon)

   Dex+4:     It affects your dexterity (+4).
   rElec:     It insulates you from electricity.
   MP-9:      It affects your magic capacity (-9).
   SInv:      It lets you see invisible.
 F - a +0 orcbow
 J - the +6 long sword "Kuavetunt" {drain, *Noise rElec rF+}
   (You found it on level 6 of the Dungeon)

   rF+:       It protects you from fire.
   rElec:     It insulates you from electricity.
   *Noise:    It may make a loud noise when swung.
 M - a +3 dagger of distortion
Missiles
 v - 20 poisoned darts
Armour
 b - a +0 robe (worn)
 d - an orb of light (worn)
 f - a +0 pair of boots (melded)
Magical Staves
 E - a staff of fire
 I - a staff of cold
Jewellery
 q - the amulet of Sehijauvi {Spirit rC- Regen+ Int+3}
   (You took it off a kobold on level 2 of the Dungeon)

   [amulet of guardian spirit]

   Spirit:    It causes incoming damage to be divided between your reserves of
   health and magic.
   Int+3:     It affects your intelligence (+3).
   rC-:       It makes you vulnerable to cold.
   Regen+:    It increases your rate of health regeneration.
 t - a +6 ring of strength (left hand)
 z - an amulet of magic regeneration
Talismans
 g - a beast talisman (active)
Wands
 u - a wand of paralysis (13)
 G - a wand of roots (5)
Scrolls
 e - 14 scrolls of identify {unknown}
 h - 3 scrolls of poison {unknown}
 i - a scroll of fog {unknown}
 p - 2 scrolls of teleportation {unknown}
 r - 3 scrolls of revelation {unknown}
 w - 4 scrolls of enchant weapon {unknown}
 y - a scroll of blinking {unknown}
 A - 3 scrolls of silence {unknown}
 C - 2 scrolls of vulnerability {unknown}
 D - a scroll of noise {unknown}
 K - 2 scrolls of enchant armour {unknown}
Potions
 c - a potion of ambrosia
 j - a potion of attraction {unknown}
 k - 7 potions of curing {unknown}
 m - 2 potions of mutation {unknown}
 n - a potion of lignification {unknown}
 o - 3 potions of heal wounds {unknown}
 s - a potion of berserk rage {unknown}
 x - 2 potions of invisibility {unknown}
 B - 2 potions of resistance {unknown}
 H - 2 potions of enlightenment {unknown}
 L - a potion of cancellation {unknown}


   Skills:
 + Level 5.7 Fighting
 * Level 11.3 Short Blades
 + Level 6.3 Dodging
 * Level 11.8 Stealth
 * Level 3.8 Necromancy
 + Level 4.8 Shapeshifting


You had 6 spell levels left.
You knew the following spells:

 Your Spells              Type           Power      Damage    Failure   Level
a - Vampiric Draining     Necr           9%         2d6       19%         3

Your spell library contained the following spells:

 Spells                   Type           Power      Damage    Failure   Level
 Necrotise                Necr           36%        1d5       6%          1
 Sublimation of Blood     Necr           9%         N/A       10%         2
 Kiss of Death            Conj/Necr      16%        2d6       14%         1
 Scorch                   Fire           0%         2d5       43%         2
 Dispel Undead            Necr           9%         3d8       54%         4
 Confusing Touch          Hex            0%         N/A       67%         3
 Gell's Gravitas          Tloc           0%         N/A       67%         3
 Teleport Other           Tloc           0%         N/A       67%         3
 Agony                    Necr           9%         N/A       87%         5
 Flame Wave               Conj/Fire      0%         2d4       97%         4
 Petrify                  Tmut/Erth      0%         N/A       97%         4
 Irradiate                Conj/Tmut      0%         3d11      100%        5
 Dispersal                Tloc           0%         N/A       100%        6
 Summon Cactus Giant      Summ           0%         N/A       100%        6


Dungeon Overview and Level Annotations

Branches:
Dungeon (9/15)             Temple (1/1) D:5         Ossuary (visited)
   Lair: D:8-11         Orc: D:9-12

Altars:
Ashenzari
Cheibriados
Dithmenos
Elyvilon
Fedhas
Gozag
Hepliaklqana
Kikubaaqudgha
Makhleb
Nemelex Xobeh
Qazlal
Ru
Uskayaw
Wu Jian
Xom
Yredelemnul
Zin
The Shining One

Annotations:
D:9 Amaemon


Innate Abilities, Weirdness & Mutations

You are a hulking beast.
Your limbs bulge with bestial killing power. (Slay +2)
You are small and have problems with some larger weapons.
You are completely attuned to the shadows.


Message History

Amaemon is moderately wounded.
You feel sick.
You barely miss Amaemon.
Amaemon is moderately wounded.
You feel sick.
Amaemon gestures wildly while chanting.
The orange demon stings you but does no damage.
You hit Amaemon but do no damage.
Amaemon is moderately wounded.
You feel sick.
You hit Amaemon.
Amaemon is moderately wounded.
You feel sick. The scorpion misses you.
Amaemon hits you with a +1 demon whip of venom!
You are more poisoned.
Amaemon completely misses you. Amaemon closely misses you.
The orange demon misses you.
You hit Amaemon.
Amaemon is moderately wounded.
You feel sick.
You miss Amaemon.
Amaemon is moderately wounded.
You feel very sick. The scorpion completely misses you.
Amaemon closely misses you. Amaemon claws you! Amaemon tail-slaps you.
The orange demon stings you from afar.
* * * LOW HITPOINT WARNING * * *
You are more poisoned.
The orange demon poisons you!
You puncture Amaemon!
Amaemon is moderately wounded.
* * * LOW HITPOINT WARNING * * *
You feel very sick. The scorpion closely misses you.
You barely miss Amaemon.
Amaemon is moderately wounded.
* * * LOW HITPOINT WARNING * * *
You feel very sick.
Amaemon hits you with a +1 demon whip of venom!
You die...

. #....# #...# #.##
###### #...# #.#.
#..... #...# #.#.
#.##### #...# #...
#.
#######...######.##
#.#..##...#.....###
##.#..##.####.......
#..#.............###
#46h.....#########
####s##### ...#
#####


You could see Amaemon, an orange demon and a scorpion (summoned).

Vanquished Creatures
  A cyclops (D:6)
  Psyche (D:9)
  A hornet (D:8)
  A wraith (Ossuary)
  A vampire mosquito (D:6)
  A black bear (D:7)
  3 orc warriors
  3 sky beasts
  2 ice beasts (D:7)
  3 centaurs
  2 phantoms
  2 kobold brigands
  4 bullfrogs
  7 scorpions
  A water moccasin zombie (Ossuary)
  2 howler monkeys
  3 centaur zombies (Ossuary)
  A human zombie (Ossuary)
  4 orc priests
  3 hounds
  5 jellies
  Crazy Yiuf (D:7)
  Jessica (D:2)
  6 iguanas
  5 orc wizards
  2 scorpion zombies (Ossuary)
  An ogre zombie (Ossuary)
  A mummy (D:3)
  Robin (D:2)
  6 gnolls
  6 adders
  A shadow imp (D:5)
  3 white imps
  3 ufetubi
  6 adder zombies (Ossuary)
  A worm (D:2)
  4 dart slugs
  18 orcs
  4 endoplasms
  5 giant cockroaches
  12 goblins
  14 hobgoblins
  6 jackals
  18 kobolds
  3 quokkas
  5 ball pythons
  5 bats
  A frilled lizard (D:2)
  2 gnoll zombies (Ossuary)
  4 goblin zombies (Ossuary)
  A hobgoblin zombie (Ossuary)
  An orc zombie (Ossuary)
  6 rats
204 creatures vanquished.

Notes
Turn   | Place    | Note
-------+----------+-------------------------------------------
     0 | D:1      | cowhearter the Kobold Monk began the quest for the Orb.
     0 | D:1      | Reached XP level 1. HP: 14/14 MP: 1/1
    75 | D:1      | Reached XP level 2. HP: 17/19 MP: 2/2
   174 | D:1      | Reached skill level 1 in Stealth
   318 | D:1      | Reached XP level 3. HP: 20/23 MP: 3/3
   719 | D:1      | You fall into a shaft and drop 1 floor!
   728 | D:2      | Identified the +7 short sword of the Foot {vamp, rElec MP-9
                  | Dex+4 SInv}
   785 | D:2      | Noticed Robin
   798 | D:2      | Killed Robin
   799 | D:2      | Reached skill level 5 in Short Blades
   799 | D:2      | Reached XP level 4. HP: 15/28 MP: 0/4
   840 | D:2      | Noticed Jessica
   849 | D:2      | Killed Jessica
  1008 | D:2      | Reached skill level 1 in Shapeshifting
  1231 | D:2      | Reached XP level 5. HP: 33/33 MP: 0/5
  1296 | D:2      | Identified the amulet of Sehijauvi {Spirit rC- Regen+
                  | Int+3}
  2425 | D:3      | Found a snail-covered altar of Cheibriados.
  2442 | D:3      | Reached XP level 6. HP: 38/38 MP: 0/6
  2512 | D:3      | Found a sacrificial altar of Ru.
  3166 | D:4      | Found a sand-covered staircase.
  3172 | Ossuary  | Entered an ossuary
  3564 | Ossuary  | Reached XP level 7. HP: 43/43 MP: 0/7
  3785 | Ossuary  | Noticed a wraith
  3799 | Ossuary  | Killed a wraith
  3802 | Ossuary  | Noticed a silent spectre
  3996 | D:4      | Reached XP level 8. HP: 47/48 MP: 0/8
  4599 | D:4      | Reached skill level 5 in Stealth
  5004 | D:5      | Entered Level 5 of the Dungeon
  5492 | D:5      | Found an ancient bone altar of Kikubaaqudgha.
  5584 | D:5      | Reached skill level 5 in Dodging
  5919 | D:5      | Learned a level 3 spell: Vampiric Draining
  6015 | D:5      | Found a staircase to the Ecumenical Temple.
  6021 | Temple   | Entered the Ecumenical Temple
  6084 | Temple   | Became a worshipper of Dithmenos the Shadowed
  6084 | Temple   | Reached * piety under Dithmenos
  6084 | Temple   | Reached ** piety under Dithmenos
  6227 | D:5      | Reached skill level 10 in Short Blades
  6227 | D:5      | Reached XP level 9. HP: 53/53 MP: 0/9
  6597 | D:6      | Noticed a cyclops
  6600 | D:6      | Reached skill level 1 in Necromancy
  6602 | D:6      | Killed a cyclops
  6603 | D:6      | Reached skill level 5 in Fighting
  6933 | D:6      | Found a sparkling altar of Nemelex Xobeh.
  7388 | D:6      | Reached XP level 10. HP: 53/59 MP: 1/10
  7410 | D:6      | Identified the +6 long sword "Kuavetunt" {drain, *Noise
                  | rElec rF+}
  7777 | D:7      | Reached *** piety under Dithmenos
  7778 | D:7      | Reached skill level 10 in Stealth
  8011 | D:7      | Found a runed translucent door.
  8014 | D:7      | Noticed Crazy Yiuf
  8019 | D:7      | Killed Crazy Yiuf
  8138 | D:7      | Found a burning altar of Makhleb.
  8277 | D:8      | Found an opulent altar of Gozag.
  8288 | D:8      | Found a hazy altar of Hepliaklqana.
  9291 | D:9      | Noticed Psyche
  9295 | D:9      | Killed Psyche
  9383 | D:9      | Noticed Amaemon
  9384 | D:9      | Noticed an orange demon
  9401 | D:9      | Slain by Amaemon

Illustrated notes

Levels and vault maps discovered:
D:1:      nicolae_arrival_memento_mori, layout_loops_ring
D:2:      layout_loops_ring, corexii_shack, uniq_jessica, uniq_robin
D:3:      layout_basic, nicolae_ru_awakened_eye, slow_altar_1,
          minmay_fractal_squares_5
D:4:      cheibrodos_thug_alley, layout_basic, nicolae_ossuary_entry_plus
D:5:      layout_layer_cave, lemuel_crystal_altar,
          minmay_temple_entry_junction_2, wad_rectangle_vault
D:6:      minmay_clustersquares, layout_basic, marbit_many_paths,
          minmay_manual_mail
D:7:      layout_rooms, lemuel_coloured_pillars_altar, uniq_crazy_yiuf_cottage
D:8:      layout_loops_corners, amethyst_overflow_temple_binary
D:9:      layout_loops_ring, serial_co_window_serial, co_window_paths_a,
          co_window_paths_b, co_window_corner_a, co_window_corner_a,
          co_window_corner_a, co_window_paths_a, co_window_cross_3,
          co_window_corner_b, co_window_unsneaky_path_e,
          co_window_of_opportunity_b, co_window_4corner_a, co_window_4corner_b,
          glass_columns_a, nicolae_zen_rock_garden, minmay_misc_feat_doors,
          nicolae_wooded_promenade, uniq_amaemon, uniq_jeremiah, uniq_psyche
Temple:   chequers_temple_sunken

Skill      XL: |  1  2  3  4  5  6  7  8  9 10 |
---------------+-------------------------------+-----
Stealth        | 1 2 3 4 5 9 11 | 11.8
Short Blades   | 5 6 7 8 10 11 | 11.3
Dodging        | 4 5 6 |  6.3
Shapeshifting  | 1 2 3 4 |  4.8
Fighting       | 4 5 |  5.7
Necromancy     | 2 3 |  3.8

Action                     |  1- 3 |  4- 6 |  7- 9 | 10-12 || total
---------------------------+-------+-------+-------+-------++-------
  Melee: Short sword       |    96 |   135 |   247 |    80 ||   558
   Stab: Sleeping          |     2 |     3 |    15 |    19 ||    39
         Distracted        |       |       |     3 |     1 ||     4
 Armour: Robe              |    29 |    37 |    62 |    24 ||   152
  Dodge: Dodged            |    48 |    93 |   155 |    31 ||   327
   Form: Beast             |     1 |       |       |       ||     1

Table legend: (Time is in decaauts)
 A = Elapsed time spent in this place.
 B = Non-inter-level travel time spent in this place.
 C = Inter-level travel time spent in this place.
 D = Time resting spent in this place.
 E = Time spent auto-exploring this place.
 F = Levels seen in this place.
 G = Mean time per level.
                   A        B        C        D        E       F      G
               +--------+--------+--------+--------+--------+-----+--------+
         Total |   9216 |   9090 |    126 |   1372 |   5671 |  11 |  837.8 |
       Dungeon |   8350 |   8224 |    126 |    934 |   5613 |   9 |  927.8 |
        Temple |     84 |     84 |      0 |      0 |      0 |   1 |   84.0 |
       Ossuary |    781 |    781 |      0 |    438 |     58 |   1 |  781.0 |
               +--------+--------+--------+--------+--------+-----+--------+

Top non-repeatable levels by time:
     D:5: 1453 daAuts
     D:4: 1364 daAuts
     D:6: 1005 daAuts
     D:2: 1005 daAuts
     D:8: 990 daAuts
     D:3: 966 daAuts
     D:1: 800 daAuts
 Ossuary: 781 daAuts
     D:7: 621 daAuts
     D:9: 143 daAuts
  Temple: 84 daAuts
